 Dungeon Crawl Stone Soup version 0.26-a0-1086-g9010512d90 (webtiles) character file.

Game seed: 3680762441986904893

241495 sahdkjhfkaj the Severer (level 19, -15/123 HPs)
             Began as a Hill Orc Monk on Dec 14, 2020.
             Was the Champion of Beogh.
             Killed from afar by a blizzard demon (29 damage)
             ... with a bolt of lightning
             ... on level 3 of the Abyss.
             The game lasted 01:08:13 (52220 turns).

sahdkjhfkaj the Severer (Hill Orc Monk)            Turns: 52220, Time: 01:08:13

Health: -15/123    AC: 34    Str: 26    XL:     19   Next: 36%
Magic:  31/31      EV: 12    Int:  9    God:    Beogh [******]
Gold:   2286       SH: 29    Dex: 15    Spells: 18/18 levels left

rFire    . . .     SeeInvis .   a - +4 broad axe "Taqamewk" {drain, Int+3}
rCold    + . .     Faith    .   k - +2 tower shield
rNeg     . . .     Spirit   .   V - +6 chain mail "Fil Regi" {rC+ Str+4 Dex+2}
rPois    .         Reflect  +   e - +2 helmet
rElec    .         Harm     .   A - +2 cloak
rCorr    .         Rampage  .   J - +2 pair of gloves
Will     +++..     Rnd*Tele +   Q - +2 pair of boots {run}
Stlth    ..........             F - amulet of reflection
HPRegen  0.30/turn              z - ring of willpower
MPRegen  0.22/turn              C - ring of willpower

@: mighty, quick
A: walk on water, [deterioration 1], [dopey 2], frail 1[+2], [teleportitis 2]
}: 2/15 runes: decaying, serpentine
a: Smiting, Recall Orcish Followers, Give Item to Named Follower, Resurrection,
Renounce Religion


You were on level 3 of the Abyss.
You worshipped Beogh.
Beogh was exalted by your worship.
You visited 5 branches of the dungeon, and saw 30 of its levels.
You visited the Abyss 1 time.
You also visited: Ossuary.

You collected 2542 gold pieces.
You spent 256 gold pieces at shops.

Inventory:

Hand Weapons
 a - the +4 broad axe "Taqamewk" (weapon) {drain, Int+3}
   (You found it on level 2 of the Snake Pit)

   A truly terrible weapon, it drains the life of those it strikes.
   It affects your intelligence (+3).
 b - a +4 flail of freezing
   (You took it off a wight on level 13 of the Dungeon)
 q - a +0 demon trident
   (You found it on level 4 of the Swamp)
Missiles
 L - 4 throwing nets (quivered) {!f}
Armour
 e - a +2 helmet (worn)
   (You found it on level 2 of the Swamp)
 k - a +2 tower shield (worn)
   (You took it off Louise on level 4 of the Snake Pit)
 y - a +0 kite shield
   (You found it on level 3 of the Dungeon)
 A - a +2 cloak (worn)
   (You found it on level 5 of the Dungeon)
 J - a +2 pair of gloves (worn)
   (You found it on level 3 of the Swamp)
 Q - a +2 pair of boots of running (worn)
   (You found it on level 9 of the Dungeon)
 V - the +6 chain mail "Fil Regi" (worn) {rC+ Str+4 Dex+2}
   (You found it on level 4 of the Lair of Beasts)

   It affects your strength (+4).
   It affects your dexterity (+2).
   It protects you from cold.
Jewellery
 i - an uncursed ring of protection from fire
   (You found it on level 5 of the Lair of Beasts)
 l - the ring "Vuaric" {+Fly rElec rF- rC+ rN+++}
   (You found it on level 15 of the Dungeon)

   [ring of flight]

   It makes you vulnerable to fire.
   It protects you from cold.
   It insulates you from electricity.
   It renders you almost immune to negative energy.
   It lets you fly.
 z - a ring of willpower (left hand)
   (You found it on level 5 of the Dungeon)
 C - a ring of willpower (right hand)
   (You took it off an orc warrior on level 8 of the Dungeon)
 F - an amulet of reflection (around neck)
   (You found it on level 4 of the Lair of Beasts)
 I - the ring "Jenemy" {rC+ Will+}
   (You found it on level 15 of the Dungeon)

   [ring of willpower]

   It protects you from cold.
   It affects your willpower, your defense against some magical effects.
 Y - an uncursed ring of poison resistance
   (You found it on level 14 of the Dungeon)
Wands
 c - a wand of disintegration (46)
   (You found it on level 5 of the Dungeon)
 d - a wand of iceblast (14)
   (You found it on level 8 of the Dungeon)
 p - a wand of enslavement (26)
   (You found it on level 2 of the Lair of Beasts)
 u - a wand of paralysis (21)
   (You found it on level 3 of the Lair of Beasts)
 v - a wand of digging (18)
   (You took it off Ijyb on level 3 of the Dungeon)
 x - a wand of acid (29)
   (You found it on level 11 of the Dungeon)
 O - a wand of polymorph (9)
   (You found it on level 2 of the Lair of Beasts)
Scrolls
 f - 9 scrolls of enchant armour
 g - 8 scrolls of remove curse {@r2}
 h - 5 scrolls of blinking
 n - 4 scrolls of fear
 o - 5 scrolls of immolation {!r}
 B - 2 scrolls of summoning
 E - 6 scrolls of fog
 K - a scroll of brand weapon
 M - 5 scrolls of enchant weapon
 N - 9 scrolls of teleportation {@r4}
 T - 2 scrolls of identify {@r1}
 Z - a scroll of holy word
Potions
 j - 12 potions of lignification {!q}
 m - 6 potions of brilliance
 r - a potion of heal wounds {@q2}
 t - a potion of cancellation
 w - 4 potions of ambrosia
 D - 8 potions of might
 G - 8 potions of attraction {!q}
 H - 6 potions of curing {@q1}
 R - 4 potions of magic
 S - a potion of invisibility
 U - 2 potions of haste {@q3}
 W - 9 potions of resistance
 X - 5 potions of mutation {!q}
Miscellaneous
 s - a phantom mirror
   (You found it in an ossuary)
 P - a lightning rod (4/4) {!a}
   (You found it on level 9 of the Dungeon)


   Skills:
 + Level 17.1 Fighting
 - Level 20.0 Axes
 + Level 15.7 Armour
 + Level 7.6 Dodging
 - Level 1.5 Stealth
 * Level 16.1 Shields
 + Level 17.6 Invocations


You had 18 spell levels left.
You didn't know any spells.
Your spell library contained the following spells:

 Spells                   Type           Power        Failure   Level
 Animate Skeleton         Necr           #.....       99%         1
 Apportation              Tloc           #.....       99%         1
 Beastly Appendage        Tmut           #.....       99%         1
 Corona                   Hex            #......      99%         1
 Foxfire                  Conj/Fire      #...         99%         1
 Freeze                   Ice            #...         99%         1
 Magic Dart               Conj           #...         99%         1
 Pain                     Necr           #...         99%         1
 Sting                    Tmut/Pois      #...         99%         1
 Summon Small Mammal      Summ           #...         99%         1
 Blink                    Tloc           N/A          100%        2
 Call Imp                 Summ           #.......     100%        2
 Ensorcelled Hibernation  Hex/Ice        #.....       100%        2
 Poisonous Vapours        Pois/Air       #.....       100%        2
 Searing Ray              Conj           #.....       100%        2
 Slow                     Hex            #.......     100%        2
 Wereblood                Tmut           #.......     100%        2
 Confusing Touch          Hex            #.......     100%        3
 Conjure Flame            Conj/Fire      #.......     100%        3
 Dazzling Flash           Conj/Hex       #.....       100%        3
 Frozen Ramparts          Ice            #.....       100%        3
 Gell's Gravitas          Tloc           #.........   100%        3
 Ignite Poison            Fire/Tmut/Pois #.......     100%        3
 Inner Flame              Hex/Fire       #.......     100%        3
 Mephitic Cloud           Conj/Pois/Air  #.......     100%        3
 Ozocubu's Armour         Ice            #.......     100%        3
 Spider Form              Tmut/Pois      #.........   100%        3
 Static Discharge         Conj/Air       #.......     100%        3
 Vampiric Draining        Necr           #.........   100%        3
 Animate Dead             Necr           #.........   100%        4
 Cause Fear               Hex            #.........   100%        4
 Fulminant Prism          Conj/Hex       #.........   100%        4
 Hailstorm                Conj/Ice       #.......     100%        4
 Ice Form                 Ice/Tmut       #.......     100%        4
 Iskenderun's Mystic Bla  Conj/Tloc      #.......     100%        4
 Olgreb's Toxic Radiance  Pois           #.......     100%        4
 Petrify                  Tmut/Erth      #.......     100%        4
 Sticky Flame             Conj/Fire      #.......     100%        4
 Summon Ice Beast         Ice/Summ       #.......     100%        4
 Summon Lightning Spire   Summ/Air       #.......     100%        4
 Agony                    Necr           #.......     100%        5
 Blade Hands              Tmut           #.........   100%        5
 Borgnjor's Vile Clutch   Necr/Erth      #.........   100%        5
 Fireball                 Conj/Fire      #.........   100%        5
 Lightning Bolt           Conj/Air       #.........   100%        5
 Metabolic Englaciation   Hex/Ice        #.........   100%        5
 Silence                  Hex/Air        #.........   100%        5
 Yara's Violent Unravell  Hex/Tmut       #.........   100%        5
 Conjure Ball Lightning   Conj/Air       #.........   100%        6
 Shadow Creatures         Summ           N/A          100%        6
 Discord                  Hex            #.........   100%        8
 Ignition                 Fire           #.........   100%        8
 Shatter                  Erth           #.........   100%        9
 Tornado                  Air            #.........   100%        9


Dungeon Overview and Level Annotations

Branches:
Dungeon (15/15)            Temple (0/1) D:6            Lair (6/6) D:9
  Swamp (4/4) Lair:4        Snake (4/4) Lair:2        Slime (0/5) Lair:5
    Orc (0/2) D:12         Vaults (1/5) D:13         Depths (0/5) D:15
Ossuary (visited)

Altars:
Ashenzari
Cheibriados
Dithmenos
Elyvilon
Fedhas
Kikubaaqudgha
Nemelex Xobeh
Qazlal
Ru
Uskayaw
Wu Jian
Xom
Yredelemnul
Zin
Jiyva

Shops:
D:12 (!*[:   D:15 (   Snake:1 ?[=   Snake:3 *=}=!   Vaults:1 ?

Portals:
Trove: D:15 (give +4 shadow dragon scales)

Annotations:
D:9 2 runed translucent doors, Aurophilus's ghost, novice MiFi
Lair:1 exclusion: 3 oklob plants
Lair:5 3 runed translucent doors, exclusion: 3 doors, Isouggaj's ghost, journeyman BaIE


Innate Abilities, Weirdness & Mutations

You can walk on water.
[Your body sometimes deteriorates upon taking damage.]
[You are very dopey. (Int -4)]
[You are extremely frail. (-30% HP)]
[You are sometimes teleported next to monsters.]


Message History

You destroy the ancient zyme!
Beogh accepts your kill.
Your orc wizard looks more experienced.
You feel the corruption within you wane somewhat.
You feel a little healthier.
The orange demon screeches!
You see here a ring mail.
You block the orange demon's attack.
The wretched star pulses with an eldritch light!
You feel weirdly uncertain.
You feel even more weirdly uncertain.
You feel frail.
Your orc wizard twists and deforms.
Found a glowing spear.
Unknown command.
The orange demon misses you. You block the orange demon's attack.
The wretched star pulses with an eldritch light!
You feel stupid. x2
Your orc wizard twists and deforms.
You closely miss the orange demon. You block the orange demon's attack. x2
Unknown command.
You slice the orange demon!!
You hear a roar!
The orange demon stings you but does no damage.
You block the orange demon's attack.
The blizzard demon shouts!
Unknown command.
You barely miss the orange demon.
A tormentor comes into view.
You slice the orange demon!!
You kill the orange demon!
Beogh accepts your kill.
Your orc wizard looks more experienced.
You closely miss the wretched star.
The tormentor grins malevolently.
Unknown command.
You slice the wretched star!!
The tormentor says, "I'll crush your bones, one by one."
The tormentor calls on the powers of darkness!
Your body is wracked with pain!
* * * LOW HITPOINT WARNING * * *
Your orc wizard convulses!
Unknown command.
You feel much better.
The tormentor barely misses your orc wizard. x2
The blizzard demon gestures at you. The bolt of lightning hits you!!
* * * LOW HITPOINT WARNING * * *
The bolt of lightning hits you!!
You die...

... . . .#.
.)# ## .. #.
.###.##.# ##
#. #.#...#.#
.
#.##..#....#
.
#2*2§..##.##
.. #o@#.
.#.#..#
#.§.[.?....#
.##.##...#.##
#.#
###...##.# #.
. ## ###[## #
.# ##..†# #.
# #.#.# . #.
...###
#....... #


You could see a wretched star, a blizzard demon, a tormentor and a friendly orc
wizard (misshapen).

Vanquished Creatures
  Vashnia (Snake:4)
  Nikola (Snake:4)
  A tentacled starspawn (Abyss:2)
  Agnes (Snake:2)
  Kirke (D:14)
  10 nagarajas
  An azure jelly (Swamp:4)
  Louise (Snake:4)
  Aizul (Snake:2)
  Nessos (D:13)
  3 bunyips
  Snorg (D:11)
  9 eleionomae
  2 jiangshi (Abyss:3)
  A shambling mangrove (Swamp:3)
  8 hydras
  16 naga warriors
  2 ghost crabs
  4 vault guards (Vaults:1)
  3 ice dragons (Swamp:4)
  7 alligators
  2 centaur warriors (D:13)
  13 anacondas
  A dancing weapon (D:13)
  A death knight (Vaults:1)
  4 two-headed ogres
  A vampire mage (Abyss:3)
  25 naga sharpshooters
  9 shock serpents
  A wretched star (Abyss:3)
  A salamander mystic (Snake:3)
  5 goliath frogs
  An unseen horror (D:15)
  A flayed ghost (Vaults:1)
  3 bog bodies
  3 spriggan druids
  8 sea snakes (Snake:4)
  6 naga ritualists
  3 swamp dragons
  Pikel (D:5)
  A phantasmal warrior (Vaults:1)
  6 ugly things
  10 mana vipers
  A cyclops (D:15)
  14 salamanders
  2 deep elf magi
  A manticore (D:15)
  7 elephants
  2 centaur zombies
  12 guardian serpents
  29 black mambas
  5 will-o-the-wisps
  A molten gargoyle (Lair:6)
  30 naga magi
  3 cane toads
  An orange demon (Abyss:3)
  4 freezing wraiths (Swamp:4)
  A kobold demonologist (D:11)
  A yaktaur (Vaults:1)
  A rime drake (Lair:4)
  8 komodo dragons
  An ancient zyme (Abyss:3)
  A harpy zombie (D:12)
  2 trolls
  7 tyrant leeches
  A polar bear (Lair:5)
  10 hornets
  Grinder (D:3)
  6 blink frogs
  6 raiju (Abyss:3)
  5 slime creatures (D:15)
  A dream sheep (Lair:4)
  7 spriggans
  2 wraiths
  26 yaks
  A shadow (D:14)
  6 wyverns
  2 basilisks
  A steam dragon (Lair:6)
  4 swamp worm simulacra (Swamp:4)
  11 vampire mosquitoes
  13 swamp worms
  13 hydra simulacra (Swamp:4)
  47 nagas
  2 hell hounds (Lair:6)
  6 water moccasins
  4 orc warriors
  3 swamp drakes
  2 ice beasts
  5 sky beasts
  7 ogres
  3 black bears
  2 phantoms
  5 wolves
  11 centaurs
  2 small abominations
  2 big kobolds
  9 bullfrogs
  Blork the orc (D:5)
  A wyvern zombie (D:8)
  3 water moccasin zombies (Ossuary)
  4 scorpions
  7 killer bees
  10 wights
  An electric eel (Lair:2)
  4 howler monkeys
  5 starcursed masses (Abyss:3)
  10 hounds
  A lava snake (Lair:6)
  3 quasits
  A bullfrog zombie (D:12)
  10 orc priests
  A bullfrog skeleton (D:5)
  4 jellies
  9 orc wizards
  2 centaur skeletons
  Ijyb (D:3)
  3 iguanas
  15 worker ants
  A big kobold zombie (Ossuary)
  A hound skeleton (D:5)
  2 mummies (Ossuary)
  Robin (D:3)
  2 worker ant zombies
  15 adders
  A gnoll (D:10)
  3 shadow imps
  5 white imps
  4 swamp drake simulacra (Swamp:4)
  2 ufetubi (D:6)
  An ooze (D:6)
  5 adder zombies (Ossuary)
  A worm (D:2)
  3 dart slugs
  13 leopard geckos
  27 orcs
  2 giant cockroaches
  5 gnoll zombies
  13 goblins
  12 hobgoblins
  14 jackals
  14 kobolds
  7 quokkas
  A ball python (D:1)
  6 bats
  6 frilled lizards
  4 hobgoblin zombies (Ossuary)
  A jackal skeleton (D:4)
  8 kobold zombies (Ossuary)
  2 leopard gecko skeletons (D:6)
  A leopard gecko zombie (D:7)
  3 orc zombies (Ossuary)
  2 quokka skeletons (D:6)
  5 rats
  A lurking horror (Abyss:3)
831 creatures vanquished.

Vanquished Creatures (collateral kills)
  Jorgrun (Lair:4)
  A nagaraja (Snake:1)
  An emperor scorpion (D:15)
  An ironheart preserver (Vaults:1)
  The ghost of CozyGlow the Black Sun, a journeyman DsNe of Kikubaaqudgha (Lair:4)
  The ghost of drock42 the Basher, a journeyman TrDe of Makhleb (D:13)
  A fire dragon (Lair:6)
  2 boulder beetles
  A catoblepas (D:15)
  12 hydras
  7 two-headed ogres
  A centaur warrior (D:13)
  A dancing weapon (D:13)
  An ogre mage (D:15)
  3 naga sharpshooters (Snake:1)
  7 death yaks
  A fire crab (Lair:6)
  2 salamander mystics
  An unseen horror (D:12)
  A naga ritualist (Snake:1)
  2 orc knights
  A deep elf mage (Vaults:1)
  2 oklob plants (Lair:4)
  A cyclops (D:13)
  2 molten gargoyles (Lair:6)
  6 black mambas
  13 elephants
  7 cane toads
  A torpor snail (Lair:2)
  3 kobold demonologists
  2 rime drakes (Lair:5)
  A rime drake (shapeshifter) (D:14)
  9 komodo dragons
  A troll (D:13)
  A freezing wraith (D:14)
  A polar bear (Lair:3)
  A wind drake (shapeshifter) (D:15)
  A hornet (D:9)
  A tyrant leech (Lair:1)
  A harpy skeleton (D:15)
  A blink frog (shapeshifter) (D:13)
  4 dream sheep (Lair:4)
  16 blink frogs
  A dream sheep (shapeshifter) (D:13)
  7 wyverns
  43 yaks
  3 basilisks
  A steam dragon (Lair:6)
  5 vampire mosquitoes
  A naga (Lair:2)
  2 swamp worms
  2 hell hounds (Lair:6)
  14 water moccasins
  An orc warrior (D:12)
  2 black bears
  A hornet zombie (D:9)
  3 ogres
  A phantom (D:9)
  15 wolves
  2 centaurs
  2 big kobolds
  6 bullfrogs
  A gnoll sergeant (D:10)
  A wyvern zombie (D:10)
  A scorpion (D:9)
  2 killer bees (D:10)
  2 electric eels
  4 lava snakes (Lair:6)
  An orc priest (D:14)
  A hound (D:9)
  2 orc wizards
  An iguana (D:11)
  2 gnolls (D:10)
  An adder (D:11)
  5 orcs
  7 kobolds
268 creatures vanquished.

Vanquished Creatures (others)
  3 orc knights
  An orc high priest (Lair:6)
  A naga warrior (Snake:4)
  A hydra (Swamp:4)
  A bog body (Swamp:1)
  2 bloated husks (Swamp:1)
  A tyrant leech (Swamp:4)
  A human (D:14)
  An orc warrior (Lair:6)
  A swamp worm (Swamp:4)
  7 orc priests
  5 orc wizards
  16 orcs
  24 foxfires
  39 fungi
  72 plants
  4 starspawn tentacles (Abyss:2)
180 creatures vanquished.

Grand Total: 1279 creatures vanquished

Notes
Turn   | Place    | Note
-------+----------+-------------------------------------------
     0 | D:1      | sahdkjhfkaj the Hill Orc Monk began the quest for the Orb.
     0 | D:1      | Reached XP level 1. HP: 19/19 MP: 1/1
   282 | D:1      | Reached XP level 2. HP: 26/26 MP: 2/2
   341 | D:1      | Reached skill level 5 in Axes
  1157 | D:1      | Reached XP level 3. HP: 25/31 MP: 3/3
  1812 | D:2      | Found a hide-covered altar of Uskayaw.
  1923 | D:2      | Reached skill level 6 in Axes
  2104 | D:2      | Found an ancient bone altar of Kikubaaqudgha.
  2170 | D:2      | Found a glowing silver altar of Zin.
  2550 | D:2      | Found a snail-covered altar of Cheibriados.
  2745 | D:2      | Reached XP level 4. HP: 34/39 MP: 4/4
  2788 | D:2      | Found a blossoming altar of Fedhas.
  2862 | D:2      | Found an ancient bone altar of Kikubaaqudgha.
  2923 | D:2      | Found a hide-covered altar of Uskayaw.
  3226 | D:3      | Noticed Ijyb
  3241 | D:3      | Killed Ijyb
  3361 | D:3      | Reached skill level 7 in Axes
  3560 | D:3      | Noticed Robin
  3566 | D:3      | Reached XP level 5. HP: 35/45 MP: 5/5
  3575 | D:3      | Killed Robin
  3928 | D:3      | Noticed Grinder
  3937 | D:3      | Killed Grinder
  3938 | D:3      | Reached skill level 9 in Axes
  3938 | D:3      | Reached XP level 6. HP: 25/51 MP: 6/6
  4114 | D:3      | Found a stormy altar of Qazlal.
  4483 | D:4      | Found a sacrificial altar of Ru.
  4597 | D:4      | Found a sand-covered staircase.
  4699 | Ossuary  | Entered an ossuary
  4740 | Ossuary  | Reached XP level 7. HP: 57/57 MP: 7/7
  4783 | Ossuary  | Reached skill level 10 in Axes
  4783 | Ossuary  | Reached skill level 1 in Shields
  4925 | Ossuary  | Reached skill level 1 in Armour
  5135 | D:4      | Got a dazzling leather armour
  5451 | D:5      | Entered Level 5 of the Dungeon
  5624 | D:5      | Reached XP level 8. HP: 67/67 MP: 8/8
  5726 | D:5      | Noticed Pikel
  5757 | D:5      | Killed Pikel
  5758 | D:5      | Reached skill level 5 in Fighting
  5758 | D:5      | Reached skill level 5 in Shields
  6082 | D:5      | Found a shadowy altar of Dithmenos.
  6105 | D:5      | Found a white marble altar of Elyvilon.
  6236 | D:5      | Noticed Blork the orc
  6244 | D:5      | Killed Blork the orc
  6581 | D:5      | Became a worshipper of Beogh the Brigand
  6581 | D:5      | Reached * piety under Beogh
  6581 | D:5      | Reached ** piety under Beogh
  6713 | D:5      | Found an ornate altar of the Wu Jian Council.
  6770 | D:6      | Reached XP level 9. HP: 67/75 MP: 9/9
  6952 | D:6      | Reached skill level 11 in Axes
  6952 | D:6      | Reached skill level 1 in Invocations
  7239 | D:6      | Got a scorched falchion
  7550 | D:6      | Noticed a two-headed ogre
  7627 | D:6      | Found a shimmering altar of Xom.
  7975 | D:6      | Found a staircase to the Ecumenical Temple.
  8611 | D:7      | Reached *** piety under Beogh
  8626 | D:7      | Found a sparkling altar of Nemelex Xobeh.
  8920 | D:7      | Found a basalt altar of Yredelemnul.
  9035 | D:7      | Reached skill level 5 in Armour
  9446 | D:7      | Reached XP level 10. HP: 51/86 MP: 13/13
 10172 | D:8      | Reached **** piety under Beogh
 10378 | D:8      | Got a dazzling rapier
 10592 | D:8      | Found a broken altar of Ashenzari.
 10597 | D:8      | You fall into a shaft and drop 1 floor!
 10597 | D:9      | Found a large runed translucent door.
 10597 | D:9      | Found a large runed translucent door.
 10598 | D:9      | Noticed Aurophilus's ghost (novice MiFi)
 11041 | D:9      | Reached skill level 5 in Invocations
 11126 | D:9      | You fall into a shaft and drop 3 floors!
 11127 | D:12     | Noticed an orc knight
 11196 | D:12     | Reached skill level 12 in Axes
 11286 | D:12     | Noticed a two-headed ogre
 11290 | D:12     | Killed a two-headed ogre
 11437 | D:12     | Noticed a two-headed ogre
 11448 | D:12     | Killed a two-headed ogre
 11607 | D:12     | Reached XP level 11. HP: 93/95 MP: 15/15
 11666 | D:11     | Reached skill level 10 in Shields
 11798 | D:10     | Entered Level 10 of the Dungeon
 13057 | D:9      | Gained Spirok as an ally
 13153 | D:9      | Reached ***** piety under Beogh
 13921 | D:9      | Found a staircase to the Lair.
 13936 | D:9      | Identified a +1 pair of boots of running (You found it on
                  | level 9 of the Dungeon)
 14405 | Lair:1   | Entered Level 1 of the Lair of Beasts
 14480 | Lair:1   | Reached skill level 13 in Axes
 14486 | Lair:1   | Gained Beowulf as an ally
 14494 | Lair:1   | Gained Arbeogh as an ally
 15113 | Lair:1   | Noticed a four-headed hydra
 15119 | Lair:1   | Killed a four-headed hydra
 15286 | Lair:1   | Noticed a six-headed hydra
 15294 | Lair:1   | Killed a seven-headed hydra
 15295 | Lair:1   | Reached XP level 12. HP: 105/105 MP: 18/18
 16108 | Lair:2   | Found a staircase to the Snake Pit.
 16110 | Lair:2   | Noticed a death yak
 16123 | Lair:2   | Killed a death yak
 16530 | Lair:2   | Reached skill level 10 in Fighting
 16859 | Lair:2   | Noticed a four-headed hydra
 16868 | Lair:2   | Killed a five-headed hydra
 16869 | Lair:2   | Got a glimmering hat
 16880 | Lair:2   | Identified the cursed +0 hat of the Unbroken {*Contam Harm
                  | rF+} (You found it on level 2 of the Lair of Beasts)
 16895 | Lair:2   | Gained mutation: [You are frail. (-10% HP)] [mutagenic
                  | glow]
 17773 | Lair:3   | Noticed a four-headed hydra
 17780 | Lair:3   | Killed a four-headed hydra
 18455 | Lair:3   | Noticed a four-headed hydra
 18466 | Lair:3   | Killed a four-headed hydra
 18467 | Lair:3   | Reached skill level 14 in Axes
 18960 | Lair:4   | Reached XP level 13. HP: 100/102 MP: 20/20
 19174 | Lair:4   | Reached skill level 10 in Invocations
 19912 | Lair:4   | Found a staircase to the Swamp.
 20203 | Lair:4   | Found a large runed translucent door.
 20204 | Lair:4   | Found a large runed translucent door.
 20207 | Lair:4   | Noticed CozyGlow's ghost (journeyman DsNe)
 20233 | Lair:4   | Killed CozyGlow's ghost
 20274 | Lair:4   | Got a pitted chain mail
 20301 | Lair:4   | Identified the +6 chain mail "Fil Regi" {rC+ Str+4 Dex+2}
                  | (You found it on level 4 of the Lair of Beasts)
 20513 | Lair:5   | Found a staircase to the Slime Pits.
 20944 | Lair:5   | Found a runed translucent gate.
 20944 | Lair:5   | Found a runed translucent gate.
 20944 | Lair:5   | Found a runed translucent gate.
 20944 | Lair:5   | Noticed Isouggaj's ghost (journeyman BaIE)
 20945 | Lair:5   | Noticed a death ooze
 20947 | Lair:5   | Noticed a death ooze
 20972 | Lair:5   | Reached skill level 10 in Armour
 20987 | Lair:5   | Found a viscous altar of Jiyva.
 21323 | Lair:6   | Entered Level 6 of the Lair of Beasts
 21615 | Lair:6   | Your ally Spirok died
 21922 | Lair:6   | Reached XP level 14. HP: 60/111 MP: 16/22
 22115 | Lair:6   | Found a large runed translucent door.
 22116 | Lair:6   | Found a large runed translucent door.
 22239 | Lair:6   | Reached skill level 15 in Shields
 22441 | Lair:6   | Reached skill level 15 in Axes
 22636 | Lair:6   | Reached ****** piety under Beogh
 24562 | D:11     | Noticed Snorg
 24577 | D:11     | Killed Snorg
 25096 | D:12     | Found a staircase to the Orcish Mines.
 25128 | D:12     | Found Synocryh's Book Boutique.
 25182 | D:12     | Found Remunael's Armour Emporium.
 25271 | D:12     | Identified the cursed ring "Puacigg" {AC-4 Str+4}
 25380 | D:12     | Found Gesk's Antique Weapon Shoppe.
 25395 | D:12     | Reached skill level 16 in Axes
 25541 | D:12     | Found Cetoq's Assorted Antiques.
 25758 | D:12     | Found Wotib's Distillery.
 26440 | D:13     | Noticed Nessos
 26451 | D:13     | Killed Nessos
 26703 | D:13     | Found a gate to the Vaults.
 26917 | D:13     | Gained Morguth as an ally
 26939 | D:13     | Found a runed translucent door.
 26941 | D:13     | Noticed drock42's ghost (journeyman TrDe)
 27079 | D:13     | Killed drock42's ghost
 27080 | D:13     | Reached XP level 15. HP: 108/120 MP: 24/24
 27757 | D:14     | Noticed Kirke
 27769 | D:14     | Killed Kirke
 27838 | D:14     | Reached skill level 17 in Axes
 28200 | D:15     | Entered Level 15 of the Dungeon
 28231 | D:15     | Gained Orgrim as an ally
 28337 | D:12     | Bought a glowing glaive for 256 gold pieces
 29522 | D:15     | Found a blossoming altar of Fedhas.
 29558 | D:15     | Found a staircase to the Depths.
 29562 | D:15     | Noticed an emperor scorpion
 29578 | D:15     | Gained Marbork as an ally
 29584 | D:15     | Killed an emperor scorpion
 30185 | D:15     | Found Heecwih's Antique Weapon Emporium.
 30186 | D:15     | Found a glowing silver altar of Zin.
 30238 | D:15     | Gained Orgrim as an ally
 30246 | D:15     | Got a twitching silver ring
 30248 | D:15     | Identified the ring "Vuaric" {+Fly rElec rF- rC+ rN+++}
                  | (You found it on level 15 of the Dungeon)
 30288 | D:15     | Found a sacrificial altar of Ru.
 30403 | D:15     | Found a portal to a secret trove of treasure.
 30927 | D:15     | Got a vibrating wooden ring
 30929 | D:15     | Identified the ring "Jenemy" {rC+ Will+} (You found it on
                  | level 15 of the Dungeon)
 31113 | Snake:1  | Entered Level 1 of the Snake Pit
 31155 | Lair:2   | Gained Borgoth as an ally
 31173 | Lair:2   | HP: 6/122 [poisoned by a black mamba]
 31178 | Lair:2   | HP: 5/122 [poisoned by a black mamba]
 31184 | Lair:2   | HP: 4/122 [poisoned by a black mamba]
 31192 | Lair:2   | HP: 5/122 [poisoned by a black mamba]
 31882 | Snake:1  | Found Refiduir's Jewellery Boutique.
 32050 | Snake:1  | Found Refiqaf's Magic Scroll Shop.
 32050 | Snake:1  | Noticed a nagaraja
 32071 | Snake:1  | Killed a nagaraja
 32457 | Snake:1  | Found Lolio's Armour Emporium.
 32537 | Snake:1  | Reached skill level 18 in Axes
 32560 | Snake:1  | Your ally Borgoth died
 32841 | Snake:1  | Gained Morbeogh as an ally
 33416 | Snake:2  | Noticed a nagaraja
 33423 | Snake:2  | Your ally Morguth died
 33425 | Snake:2  | Your ally Orgrim died
 33438 | Snake:2  | Your ally Morbeogh died
 33448 | Snake:2  | Killed a nagaraja
 33637 | Snake:2  | Reached XP level 16. HP: 105/130 MP: 26/26
 33756 | Snake:2  | Noticed Aizul
 33773 | Snake:2  | Killed Aizul
 33808 | Snake:2  | Found a broken altar of Ashenzari.
 34010 | Snake:2  | Noticed Agnes
 34039 | Snake:2  | Killed Agnes
 34244 | Snake:2  | Gained Ortolf as an ally
 34601 | Swamp:1  | Entered Level 1 of the Swamp
 34646 | Swamp:1  | Noticed Jorgrun
 34670 | Lair:4   | Your ally Ortolf died
 35080 | Lair:4   | Killed Jorgrun
 35081 | Lair:4   | Reached skill level 19 in Axes
 36691 | Snake:2  | Got a shimmering broad axe
 36692 | Snake:2  | Identified the +4 broad axe "Taqamewk" {drain, Int+3} (You
                  | found it on level 2 of the Snake Pit)
 37961 | Swamp:2  | Gained Urtork as an ally
 38538 | Swamp:2  | Got a shimmering battleaxe
 38612 | Swamp:2  | Got a creamy pearl robe
 40269 | Swamp:3  | Reached skill level 20 in Axes
 40269 | Swamp:3  | Reached XP level 17. HP: 138/138 MP: 28/28
 40827 | Swamp:4  | Entered Level 4 of the Swamp
 41103 | Swamp:4  | Reached skill level 15 in Invocations
 41549 | Swamp:4  | Reached skill level 15 in Fighting
 42409 | Swamp:4  | Got a bound lapis lazuli ring
 43478 | Swamp:4  | Got a decaying rune of Zot
 43979 | Snake:2  | You fall into a shaft and drop 1 floor!
 45140 | Snake:3  | Gained Ortolf as an ally
 45141 | Snake:3  | Found Udoaxorgh's Jewellery Shop.
 45141 | Snake:3  | Found Daod's Gadget Emporium.
 45144 | Snake:3  | Found Hacuin's Jewellery Shop.
 45233 | Snake:3  | Found Qucy Urpha's General Store.
 45786 | Snake:3  | Reached skill level 5 in Dodging
 46163 | Snake:3  | Found Milic's Distillery.
 46623 | Snake:4  | Entered Level 4 of the Snake Pit
 46652 | Snake:4  | Reached XP level 18. HP: 81/149 MP: 30/30
 47159 | Snake:4  | Noticed Louise
 47675 | Snake:4  | Killed Louise
 48096 | Snake:4  | Noticed Vashnia
 48359 | Snake:4  | Reached skill level 15 in Armour
 48554 | Snake:4  | Killed Vashnia
 48852 | Snake:4  | Gained Zartorak as an ally
 50035 | Snake:4  | Noticed Nikola
 50599 | Snake:4  | Killed Nikola
 50780 | Snake:4  | Reached XP level 19. HP: 135/156 MP: 31/31
 51133 | Snake:4  | Got a serpentine rune of Zot
 51350 | Vaults:1 | Entered Level 1 of the Vaults
 51350 | Vaults:1 | Found Wid Ogh's Magic Scroll Shop.
 51817 | Vaults:1 | Cast into level 2 of the Abyss (a deep elf sorcerer)
 51957 | Abyss:3  | Found a corrupted altar of Lugonu.
 52220 | Abyss:3  | Killed from afar by a blizzard demon

Illustrated notes

Levels and vault maps discovered:
D:1:      lemuel_arrival_muddy, layout_basic
D:2:      layout_basic, marbit_many_paths, old_standard_altar,
          grunt_temple_overflow_open, kiku_gazebo_garden_becter
D:3:      layout_rooms, nicolae_qazlal_eye_of_the_storm, minmay_puff,
          uniq_robin, uniq_grinder, uniq_ijyb
D:4:      layout_layer_cave, kennysheep_mini, enter_ossuary_2
D:5:      layout_basic, general_overflow_altar, lemuel_doored_altar,
          grunt_dithmenos_smoke, uniq_blork_the_orc, uniq_pikel
D:6:      layout_layer_cave, lemuel_crystal_altar, minmay_temple_entry_poolview,
          lightli_corner_chamber
D:7:      layout_cave_pools, lemuel_zombie_altar_yredelemnul,
          nemelex_xobeh_ov_fountains_minmay
D:8:      layout_rooms, ashenzari_altar_1
D:9:      layout_basic, minmay_lair_entry_grove, ebering_ghost_disaster_area
D:10:     layout_roguey, serial_glass, glass_columns_c, glass_columns_c,
          glass_columns_b, glass_columns_a, glass_columns_c, glass_columns_b,
          glass_columns_a, glass_columns_b, glass_columns_b, glass_columns_c,
          glass_columns_a, glass_columns_a, glass_columns_a, glass_columns_a
D:11:     layout_stronghold, uniq_snorg
D:12:     layout_loops_ring, orc_0_dummy, serial_shops, shop_fountains, shop,
          nicolae_shop_behind_doors, nicolae_shop_trees, kennysheep_little_box
D:13:     wad_cavern_with_rooms, layout_irregular_city, erik_vaults_1,
          ebering_ghost_inner_flame, uniq_nessos
D:14:     layout_roguey, minmay_misc_feat_four_crosses, uniq_kirke
D:15:     hangedman_depths_entry_try_elsewhere_first, layout_long_grid,
          serial_shops, shop, enter_trove_3, nicolae_ru_the_path_less_chosen,
          basic_altar, fedhas_altar_4
Lair:1:   layout_gridlike, chequers_serial_rivers_marsh,
          chequers_serial_rivers_micro_a, worms_lemuel, grunt_megastairs_3,
          minmay_lair_oklob_chamber
Lair:2:   layout_long_grid, guppyfry_snake_entry_island, serial_bayou_pond_d,
          serial_bayou_shore_a
Lair:3:   layout_misc_corridors, chequers_serial_rivers_small_a, minivault_25,
          small_statue_intersection
Lair:4:   layout_cellular_growth, nicolae_swamp_entry_splash_gauntlet,
          ebering_ghost_disaster_area, dpeg_oklob_1
Lair:5:   layout_regular_city, slime_dummy, gammafunk_ghost_ooze,
          lemuel_fruit_tree, grunt_megastairs_4
Lair:6:   cheibrodos_lair_end_hotspot, layout_regular_city
Swamp:1:  layout_falls_marsh, evilmike_swamp_ruin_house_4, uniq_jorgrun
Swamp:2:  layout_basic_swamp, nicolae_swamp_triple_paths,
          infiniplex_staircase_pool
Swamp:3:  layout_basic_swamp, evilmike_swamp_ruin_house_2
Swamp:4:  swamp_icy, layout_basic_swamp
Snake:1:  layout_grid_shapes, serial_shops, shop,
          nicolae_shop_competitors_out_of_business, shop,
          statue_in_the_mist_lemuel
Snake:2:  layout_gridlike, basic_altar, serial_bayou_shore_b,
          grunt_megastairs_2, uniq_agnes, uniq_aizul
Snake:3:  layout_gridlike, serial_shops, shop, nicolae_shop_behind_doors,
          guppyfry_library_mini, minmay_shop_grove, grunt_megastairs_5
Snake:4:  grunt_snake_rune_pools, layout_onion, uniq_vashnia, uniq_nikola,
          uniq_louise
Vaults:1: hangedman_vaults_snaps, hangedman_vaults_river_flow,
          vaults_room_grunt_arrival_checkpoint, vaults_room_fancy_cross,
          nicolae_vaults_triangles, v_rooms_1, nicolae_vaults_specimen_jars,
          nicolae_vaults_what_the_h, layout_vaults_quadrants, serial_shops,
          shop_scrolls
Abyss:3:  base: Snake:3, grunt_abyss_rune_wretched_hive, due_exit_kobolds,
          evilmike_abyss_exit_10

Skill      XL: |  1  2  3  4  5  6  7  8  9 10 11 12 13 14 15 16 17 18 19 |
---------------+----------------------------------------------------------+-----
Axes           | 5 6 7 9 10 11 12 13 14 16 18 20 | 20.0
Shields        | 3 6 8 9 11 12 14 15 16 | 16.1
Fighting       | 4 5 7 8 9 10 11 12 13 14 15 16 17 | 17.1
Armour         | 2 3 5 6 8 9 10 11 12 13 14 15 | 15.7
Invocations    | 4 6 8 9 10 12 13 14 16 17 | 17.6
Dodging        | 5 7 |  7.6
Stealth        | |  1.5

Action                   |  1- 3 |  4- 6 |  7- 9 | 10-12 | 13-15 | 16-18 | 19-21 || total
-------------------------+-------+-------+-------+-------+-------+-------+-------++-------
Melee: Hand axe          |   128 |       |       |       |       |       |       ||   128
       War axe           |    12 |   132 |   515 |   681 |  1126 |   230 |       ||  2696
       Unarmed           |       |       |       |       |     1 |       |       ||     1
       Broad axe         |       |       |       |       |       |  1105 |   179 ||  1284
       Flail             |       |       |       |       |       |    38 |       ||    38
Throw: Throwing net      |       |       |       |     2 |       |       |       ||     2
Invok: Convert to Beogh  |       |       |     1 |       |       |       |       ||     1
       Smiting           |       |       |       |     7 |    12 |     8 |       ||    27
       Give Item to Name |       |       |       |     3 |     1 |       |       ||     4
       Recall Orcish Fol |       |       |       |     1 |     6 |     5 |     2 ||    14
       Stop Recall       |       |       |       |     1 |     1 |       |     1 ||     3
Evoke: Wand              |       |     2 |       |       |     1 |       |       ||     3
       Phantom mirror    |       |       |     1 |       |       |       |       ||     1
  Use: Scroll            |       |     4 |     7 |     8 |    11 |     8 |       ||    38
       Potion            |       |       |     1 |       |       |     3 |     3 ||     7
 Stab: Sleeping          |     3 |     1 |       |       |       |       |       ||     4
       Held in net/web   |       |       |       |     1 |       |       |       ||     1
       Distracted        |       |       |       |     3 |     9 |     4 |       ||    16
       Paralysed         |       |       |       |       |     4 |       |       ||     4
Armor: Robe              |    12 |       |       |       |       |       |       ||    12
       Ring mail         |       |    43 |       |       |       |       |       ||    43
       Scale mail        |       |    13 |   242 |       |       |       |       ||   255
       Chain mail        |       |       |       |   329 |   362 |   692 |    27 ||  1410
       Plate armour      |       |       |       |       |    28 |       |       ||    28
Dodge: Dodged            |   101 |    99 |   167 |   197 |   221 |   424 |    19 ||  1228
Block: Kite shield       |       |     4 |   256 |   452 |   887 |  1148 |       ||  2747
       Reflection        |       |       |       |       |    74 |   155 |    17 ||   246
       Tower shield      |       |       |       |       |       |   255 |   141 ||   396

Table legend: (Time is in decaauts)
 A = Elapsed time spent in this place.
 B = Non-inter-level travel time spent in this place.
 C = Inter-level travel time spent in this place.
 D = Time resting spent in this place.
 E = Time spent auto-exploring this place.
 F = Levels seen in this place.
 G = Mean time per level.
                   A        B        C        D        E       F      G
               +--------+--------+--------+--------+--------+-----+--------+
         Total |  50042 |  45856 |   4186 |  10952 |  26781 |  33 | 1516.4 |
       Dungeon |  21612 |  19691 |   1921 |   2933 |  13325 |  15 | 1440.8 |
          Lair |  11606 |  10361 |   1245 |   3872 |   5026 |   6 | 1934.3 |
         Swamp |   6245 |   5799 |    446 |   1556 |   3073 |   4 | 1561.2 |
     Snake Pit |   9407 |   8834 |    573 |   2541 |   4648 |   4 | 2351.8 |
        Vaults |    410 |    410 |      0 |      0 |    334 |   1 |  410.0 |
         Abyss |    363 |    363 |      0 |     47 |    133 |   2 |  181.5 |
       Ossuary |    397 |    397 |      0 |      0 |    239 |   1 |  397.0 |
               +--------+--------+--------+--------+--------+-----+--------+

Top non-repeatable levels by time:
 Snake:3: 3641 daAuts
  Lair:2: 2778 daAuts
 Snake:4: 2720 daAuts
  Lair:4: 2712 daAuts
 Swamp:4: 2323 daAuts
  Lair:6: 2171 daAuts
    D:15: 1976 daAuts
     D:7: 1878 daAuts
     D:1: 1876 daAuts
    D:13: 1795 daAuts
 Snake:2: 1784 daAuts
  Lair:1: 1784 daAuts
    D:10: 1641 daAuts
 Swamp:2: 1609 daAuts
     D:6: 1588 daAuts
